 Dungeon Crawl Stone Soup version 0.29.1-12-g30fa7ad0bf (webtiles) character file.

Game seed: 913755836825014822

279 KittyFluff the Cudgeller (level 6, -4/57 HPs)
             Began as a Gargoyle Berserker on Jan 14, 2023.
             Was a Believer of Trog.
             Slain by Sigmund
             ... wielding a +0 scythe
              (6 damage)
             ... on level 4 of the Dungeon.
             The game lasted 00:11:23 (3830 turns).

KittyFluff the Cudgeller (Gargoyle Berserker)       Turns: 3830, Time: 00:11:24

Health: -4/57      AC:  8    Str: 20    XL:     6   Next: 26%
Magic:  6/6        EV: 12    Int:  8    God:    Trog [**....]
Gold:   241        SH:  0    Dex: 17    Spells: 5/5 levels left

rFire   . . .      SeeInvis .   u - +0 flail
rCold   . . .      Faith    .   (no shield)
rNeg    + . .      Spirit   .   o - +0 leather armour
rPois   ∞          Reflect  .   (no helmet)
rElec   +          Harm     .   (no cloak)
rCorr   .          Rampage  .   (no gloves)
Will    .....                   (no boots)
Stlth   ..........              (no amulet)
HPRegen 0.19/turn               g - +6 ring of dexterity
MPRegen 0.10/turn               (no ring)

@: berserking, very quick
A: sickness immunity, AC +4, negative energy resistance 1, electricity
resistance, torment resistance 1, petrification resistance
a: Renounce Religion, Berserk, Trog's Hand


You were on level 4 of the Dungeon.
You worshipped Trog.
Trog was pleased with you.
You visited 1 branch of the dungeon, and saw 4 of its levels.

You collected 241 gold pieces.

Inventory:

Hand Weapons
 a - a +0 mace
 f - a +0 sling
 u - a +0 flail (weapon)
Missiles
 d - 43 stones (quivered)
 q - 6 atropa-tipped darts
Armour
 k - a +0 ring mail
 o - a +0 leather armour (worn)
Jewellery
 g - a +6 ring of dexterity (left hand)
Wands
 b - a wand of roots (6)
Scrolls
 e - a scroll of brand weapon {unknown}
 h - a scroll of magic mapping {unknown}
 i - 2 scrolls of teleportation {unknown}
 t - a scroll of immolation {unknown}
 v - a scroll of identify
Potions
 c - a potion of berserk rage {unknown}
 j - a potion of might
 l - 2 potions of flight
 m - a potion of heal wounds {unknown}
 n - a potion of degeneration {unknown}
 p - a potion of mutation {unknown}
 r - a potion of resistance
 s - a potion of curing {unknown}


   Skills:
 + Level 4.2 Fighting
 * Level 4.5 Maces & Flails
 * Level 4.4 Armour
 + Level 2.5 Dodging


You had 5 spell levels left.
You didn't know any spells.
Your spell library was empty.

Dungeon Overview and Level Annotations

Branches:
Dungeon (4/15)
 Temple: D:4-7

Altars:
Cheibriados
Kikubaaqudgha
Makhleb
Zin

Annotations:
D:4 Sigmund


Innate Abilities, Weirdness & Mutations

You are immune to sickness and miasma.
Your stone body is resilient. (AC +4)
You are immune to poison.
You resist negative energy. (rN+)
You are resistant to electric shocks. (rElec)
You are resistant to unholy torment.
You are immune to petrification.


Message History

The puff of flame hits you!
You closely miss Sigmund.
Sigmund is lightly wounded.
Sigmund mumbles some strange words.
Sigmund flickers and vanishes!
Deactivating autopickup; reactivate with Ctrl-A.
You hit something. Something hits you.
You closely miss something. Something hits you.
You sock something!
You hear some strange, mumbled words.
You are confused.
You're too confused to move!
Something hits you.
You bump into the rock wall.
You bump into the rock wall.
You closely miss something.
You hear some strange, mumbled words.
You are more confused.
You bump into the rock wall.
You hear some strange, mumbled words.
A puff of flame appears from out of thin air!
The puff of flame misses you.
You're too confused to move!
Something hits you.
You bump into the rock wall.
Something hits you!
* * * LOW HITPOINT WARNING * * *
You barely miss something. Something hits you but does no damage.
You bump into the rock wall.
You bump into the rock wall.
Something barely misses you.
Okay, then.
You bump into the rock wall.
You hear some strange, mumbled words.
A magic dart appears from out of thin air!
The magic dart hits you!
* * * LOW HITPOINT WARNING * * *
You bump into the rock wall.
Something hits you.
* * * LOW HITPOINT WARNING * * *
You bump into the rock wall.
You feel less confused.
A red film seems to cover your vision as you go berserk!
You feel yourself moving faster!
You feel mighty! Something hits you.
You die...

#......## #.#
####........###.####
...............#
........##.##.#
...... #.##.# ...
#....# .. ####.#
.....#####.#
#...{@..# #######.#
#.# #.# #.# #.# ..#
###


There were no monsters in sight!

Vanquished Creatures
  Menkaure (D:4)
  A hound (D:4)
  Ijyb (D:4)
  A mummy (D:3)
  2 adders
  An ufetubus (D:4)
  2 worms
  3 dart slugs
  An orc (D:3)
  7 ball pythons
  4 endoplasms
  8 goblins
  4 hobgoblins
  4 jackals (D:1)
  3 quokkas
  2 bats
  A frilled lizard (D:1)
  4 kobolds
  5 rats
55 creatures vanquished.

Vanquished Creatures (others)
  2 plants (D:3)
  7 withered plants (D:3)
9 creatures vanquished.

Grand Total: 64 creatures vanquished

Notes
Turn   | Place    | Note
-------+----------+-------------------------------------------
     0 | D:1      | KittyFluff the Gargoyle Berserker began the quest for the
                  | Orb.
     0 | D:1      | Reached XP level 1. HP: 14/14 MP: 1/1
   552 | D:1      | Reached XP level 2. HP: 19/19 MP: 2/2
  1558 | D:2      | Reached XP level 3. HP: 23/23 MP: 3/3
  2468 | D:3      | Found a faded altar of an unknown god.
  2685 | D:3      | Found an ancient bone altar of Kikubaaqudgha.
  2716 | D:3      | Found a burning altar of Makhleb.
  2720 | D:3      | Noticed a balrug
  2722 | D:3      | Found a glowing silver altar of Zin.
  2722 | D:3      | Noticed an angel
  2767 | D:3      | Reached XP level 4. HP: 29/29 MP: 4/4
  2818 | D:3      | Found a snail-covered altar of Cheibriados.
  3181 | D:4      | Noticed Ijyb
  3190 | D:4      | Killed Ijyb
  3372 | D:4      | Reached ** piety under Trog
  3444 | D:4      | Reached XP level 5. HP: 32/33 MP: 5/5
  3474 | D:4      | Noticed Menkaure
  3483 | D:4      | HP: 1/33 [Menkaure (19)]
  3488 | D:4      | Killed Menkaure
  3489 | D:4      | Reached XP level 6. HP: 15/38 MP: 6/6
  3807 | D:4      | Noticed Sigmund
  3828 | D:4      | HP: 1/38 [something (2)]
  3830 | D:4      | Slain by Sigmund

Illustrated notes

Levels and vault maps discovered:
D:1:      lightli_iron_boxes, layout_loops_corners, minivault_5
D:2:      layout_basic
D:3:      layout_rooms, grunt_temple_overflow_order_and_chaos_2,
          mainiacjoe_overflow_six_doors_small, slow_altar_2,
          shapermc_ecumenical_altar_flowoftime
D:4:      layout_loops_cross, minmay_diced_spiral, uniq_menkaure, uniq_sigmund,
          uniq_ijyb

Skill      XL: |  1  2  3  4  5 |
---------------+----------------+-----
Armour         | 3 4 |  4.4
Dodging        | 2 |  2.5
Maces & Flails | 4 |  4.5
Fighting       | 4 |  4.2

Action                   |  1- 3 |  4- 6 || total
-------------------------+-------+-------++-------
Melee: Mace              |    99 |       ||    99
       Flail             |     3 |    60 ||    63
       Punch             |     1 |       ||     1
Invok: Berserk           |       |     1 ||     1
  Use: Scroll            |     4 |       ||     4
       Potion            |       |     1 ||     1
Armor: Animal skin       |    16 |       ||    16
       Leather armour    |    16 |    19 ||    35
Dodge: Dodged            |    56 |    41 ||    97
